 Dungeon Sprint DCSS version 0.17.2-1-ge4368a0 (webtiles) character file.

2814 mopl the Unseen (level 9, -4/72 HPs)
             Began as a Spriggan Assassin on Aug 21, 2016.
             Was an Elder of Trog.
             Slain by Harold
             ... wielding a +1 dire flail of distortion
              (6 damage)
             ... in the Dungeon (Sprint III: "The Ten Rune Challenge").
             The game lasted 00:04:08 (979 turns).

mopl the Unseen (Spriggan Assassin)                  Turns: 979, Time: 00:04:10

Health: -4/72      AC:  3    Str: 12    XL:     9   Next: 44%
Magic:  10/10      EV: 17    Int: 13    God:    Trog [****..]
Gold:   25         SH:  0    Dex: 20    Spells: 0 memorised, 8 levels left

rFire  . . .     SeeInvis +     a - +2 dagger (venom)
rCold  . . .     Clarity  .     c - +0 robe
rNeg   . . .     SustAt   .     (shield restricted)
rPois  +         Gourm    .     (helmet restricted)
rElec  .         Spirit   .     d - +0 cloak
rCorr  .         Warding  .     (gloves unavailable)
rMut   .         NoTele   +     (boots unavailable)
MR     +....                    (no amulet)
Stlth  ..........               (no ring)
                                (no ring)

@: berserking, lethally poisoned (-4 -> -6), very quick, somewhat resistant to
hostile enchantments, extremely unstealthy
A: unfitting armour, see invisible, deformed body, herbivore 3, speed 3, poison
resistance, shaggy fur 1, slow metabolism 2, subdued magic 1
a: Berserk, Trog's Hand, Brothers in Arms, Burn Spellbooks, Renounce Religion


You were in the Dungeon.
You worshipped Trog.
Trog was greatly pleased with you.
You were not hungry.

You visited 1 branch You collected 25 gold pieces.

Inventory:

Hand Weapons
 a - a +2 dagger of venom (weapon)
 b - a +0 blowgun
 l - a +0 long sword of holy wrath
Missiles
 e - 8 poisoned needles
 f - 7 curare-tipped needles
 v - 8 tomahawks of dispersal (quivered)
 y - 10 throwing nets
Armour
 c - a +0 robe (worn)
 d - a +0 cloak (worn)
Wands
 u - a wand of enslavement (15)
Scrolls
 m - a scroll of blinking
 o - a scroll of holy word {unknown}
 p - 2 scrolls of identify
 q - 3 scrolls of remove curse
 t - a scroll of immolation {unknown}
Potions
 h - 2 potions of curing
 i - a potion of heal wounds
 j - a potion of haste
 k - 2 potions of magic
 n - a potion of might
 r - 4 potions of cure mutation {!q}
 s - 3 potions of flight
Miscellaneous
 x - a plain deck of changes
Comestibles
 g - 3 bread rations
 w - a royal jelly


   Skills:
 + Level 5.8 Fighting
 + Level 7.5 Short Blades
 * Level 15.5 Throwing
 - Level 1.5 Dodging
 + Level 17.4 Stealth


You had 8 spell levels left.
You didn't know any spells.

Dungeon Overview and Level Annotations

Branches:
Dungeon (1/1)

Altars:
Cheibriados
Dithmenos
Elyvilon
Fedhas
Gozag
Kikubaaqudgha
Makhleb
Nemelex Xobeh
Okawaru
Qazlal
Ru
Sif Muna
Trog
Vehumet
Xom
Yredelemnul
Zin
The Shining One
Jiyva
Lugonu

Annotations:
D Harold, Joseph


Innate Abilities, Weirdness & Mutations

You are tiny and cannot use many weapons and most armour.
You have supernaturally acute eyesight.
You are a herbivore.
You cover ground extremely quickly.
You need consume almost no food.
Armour fits poorly on your strangely shaped body.
Your system is resistant to poisons.
You are covered in fur (AC +1).
Your spells are a little easier to cast, but a little less powerful.


Message History

Ouch! That really hurt!
* * * LOW HITPOINT WARNING * * *
You feel sick.
Your ogre hits Harold with a giant club!!
Your ogre hits Harold with a giant club!!
Harold gestures at you while chanting. The poison arrow hits your ogre.
Your ogre is poisoned.
Your ogre dies!
Your ogre's corpse disappears in a puff of smoke!
You fail to use your ability.
You feel sick.
Joseph shoots a curare-tipped needle.
The curare-tipped needle barely misses you.
A red film seems to cover your vision as you go berserk!
You feel yourself moving faster!
You feel mighty!
You feel somewhat more hungry.
Harold hits you with a dire flail of distortion!
* * * LOW HITPOINT WARNING * * *
Space bends around you.
You die...

####################
..#)#)#)..†.#......+
#.)#.##.###.#......#
.#.#.##.#).##......#
.#..#..##.)'......(#
▓▓▓▓▓▓▓▓▓▓▓#....@..#
#..@@...# +(......#
#.(.....# ##'######
#...+ #...# #...#
#####


You could see Harold and Joseph.

Vanquished Creatures
  Erolcha (D)
  A deep elf priest (D)
  A redback (D)
  A shadow (D)
  2 trapdoor spiders (D)
  A spatial vortex (D)
  2 hill giants (D)
  A necrophage (D)
  3 two-headed ogres (D)
  A water elemental (D)
  A scorpion (D)
  A jelly (D)
  Jessica (D)
  A necromancer (D)
  A wizard (D)
  A kobold demonologist (D)
  3 humans (D)
  An ooze (D)
  A rat (D)
25 creatures vanquished.

Vanquished Creatures (others)
  2 draconian scorchers (D)
  2 yaktaurs (D)
4 creatures vanquished.

Grand Total: 29 creatures vanquished

Notes
Turn   | Place    | Note
--------------------------------------------------------------
     0 | D        | mopl the Spriggan Assassin began the quest for the Orb.
     0 | D        | Reached XP level 1. HP: 10/10 MP: 2/2
     4 | D        | Reached skill level 3 in Throwing
     4 | D        | Reached skill level 6 in Stealth
    12 | D        | Noticed Jessica
    17 | D        | Killed Jessica
    17 | D        | Reached skill level 5 in Throwing
    17 | D        | Reached skill level 8 in Stealth
    17 | D        | Reached XP level 2. HP: 5/14 MP: 3/3
    17 | D        | Reached XP level 3. HP: 6/18 MP: 4/4
   185 | D        | Reached skill level 6 in Throwing
   204 | D        | Killed a white draconian scorcher
   204 | D        | Killed a white draconian scorcher
   223 | D        | Noticed a scorpion
   230 | D        | Killed a scorpion
   230 | D        | Reached skill level 7 in Throwing
   230 | D        | Reached skill level 9 in Stealth
   230 | D        | Reached XP level 4. HP: 22/22 MP: 5/5
   243 | D        | Gained mutation: You are covered in fur (AC +1). [potion of mutation]
   243 | D        | Gained mutation: You are weak. (Str -2) [potion of mutation]
   243 | D        | Lost mutation: You are weak. (Str -2) [potion of mutation]
   257 | D        | Noticed a water elemental
   259 | D        | Killed a yaktaur
   278 | D        | Killed a water elemental
   278 | D        | Reached skill level 8 in Throwing
   278 | D        | Reached skill level 10 in Stealth
   278 | D        | Reached XP level 5. HP: 25/25 MP: 6/6
   323 | D        | Found an iron altar of Okawaru.
   324 | D        | Found a bloodstained altar of Trog.
   324 | D        | Noticed a human
   324 | D        | Noticed a human
   326 | D        | Killed a human
   326 | D        | Reached skill level 10 in Throwing
   326 | D        | Reached skill level 12 in Stealth
   326 | D        | Reached XP level 6. HP: 30/30 MP: 7/7
   327 | D        | Killed a human
   327 | D        | Reached skill level 11 in Throwing
   327 | D        | Reached skill level 13 in Stealth
   339 | D        | Became a worshipper of Trog the Wrathful
   345 | D        | Found a glowing silver altar of Zin.
   346 | D        | Found a glowing golden altar of the Shining One.
   346 | D        | Found a white marble altar of Elyvilon.
   346 | D        | Noticed a deep elf priest
   358 | D        | Killed a deep elf priest
   358 | D        | Reached skill level 13 in Throwing
   358 | D        | Reached skill level 14 in Stealth
   358 | D        | Reached XP level 7. HP: 7/33 MP: 8/8
   383 | D        | Gained mutation: Armour fits poorly on your strangely shaped body. [potion of mutation]
   383 | D        | Gained mutation: Your spells are a little easier to cast, but a little less powerful. [potion of mutation]
   383 | D        | Gained mutation: Your system is resistant to poisons. [potion of mutation]
   530 | D        | Killed a yaktaur
   658 | D        | Found a radiant altar of Vehumet.
   659 | D        | Found a deep blue altar of Sif Muna.
   659 | D        | Found an ancient bone altar of Kikubaaqudgha.
   659 | D        | Noticed a wizard
   660 | D        | Killed a wizard
   660 | D        | Reached * piety under Trog
   662 | D        | Reached skill level 15 in Stealth
   669 | D        | Reached ** piety under Trog
   669 | D        | Reached *** piety under Trog
   683 | D        | Found a snail-covered altar of Cheibriados.
   683 | D        | Noticed a necrophage
   684 | D        | Found a basalt altar of Yredelemnul.
   684 | D        | Found a blossoming altar of Fedhas.
   684 | D        | Noticed a necromancer
   685 | D        | Killed a necrophage
   685 | D        | Reached skill level 2 in Fighting
   686 | D        | Killed a necromancer
   686 | D        | Received a gift from Trog
   694 | D        | Noticed a jelly
   695 | D        | Noticed a shadow
   697 | D        | Killed a shadow
   697 | D        | Reached skill level 3 in Short Blades
   697 | D        | Reached XP level 8. HP: 37/39 MP: 9/9
   701 | D        | Killed a jelly
   706 | D        | Found a stormy altar of Qazlal.
   707 | D        | Found a sacrificial altar of Ru.
   707 | D        | Found a burning altar of Makhleb.
   707 | D        | Found a viscous altar of Jiyva.
   707 | D        | Found a shimmering altar of Xom.
   707 | D        | Found a shadowy altar of Dithmenos.
   707 | D        | Found a sparkling altar of Nemelex Xobeh.
   707 | D        | Found a corrupted altar of Lugonu.
   707 | D        | Found an opulent altar of Gozag.
   707 | D        | Noticed a spatial vortex
   709 | D        | Killed a spatial vortex
   709 | D        | Reached skill level 3 in Fighting
   709 | D        | Reached skill level 4 in Short Blades
   721 | D        | Noticed a two-headed ogre
   721 | D        | Noticed a two-headed ogre
   725 | D        | Killed a two-headed ogre
   728 | D        | Killed a two-headed ogre
   728 | D        | Reached **** piety under Trog
   728 | D        | Reached skill level 14 in Throwing
   730 | D        | Noticed a two-headed ogre
   731 | D        | Killed a two-headed ogre
   736 | D        | Noticed a hill giant
   739 | D        | Killed a hill giant
   739 | D        | Reached skill level 5 in Short Blades
   739 | D        | Reached skill level 16 in Stealth
   744 | D        | Noticed a hill giant
   744 | D        | Noticed Erolcha
   746 | D        | Killed Erolcha
   746 | D        | Reached skill level 5 in Fighting
   746 | D        | Reached skill level 6 in Short Blades
   746 | D        | Reached skill level 15 in Throwing
   746 | D        | Reached XP level 9. HP: 45/47 MP: 10/10
   747 | D        | Killed a hill giant
   747 | D        | Reached ***** piety under Trog
   752 | D        | Noticed a redback
   760 | D        | Killed a redback
   760 | D        | Reached skill level 7 in Short Blades
   760 | D        | Reached skill level 17 in Stealth
   803 | D        | Noticed a trapdoor spider
   817 | D        | Killed a trapdoor spider
   817 | D        | Received a gift from Trog
   903 | D        | Noticed a trapdoor spider
   920 | D        | Killed a trapdoor spider
   958 | D        | Noticed Harold
   959 | D        | Noticed Joseph
   979 | D        | HP: 2/72 [Harold/dire flail of distortion (7)]
   979 | D        | Slain by Harold

Action                   |  1- 3 |  4- 6 |  7- 9 || total
-------------------------+-------+-------+-------++-------
Melee: Dagger            |     5 |    16 |    14 ||    35
 Fire: Blowgun           |     1 |     3 |     6 ||    10
Invok: Burn Spellbooks   |       |       |     1 ||     1
       Brothers in Arms  |       |       |     2 ||     2
       Berserk           |       |       |     1 ||     1
  Use: Potion            |       |     3 |     1 ||     4
       Scroll            |       |     1 |       ||     1
 Stab: Sleeping          |     4 |     2 |    15 ||    21
